AoeStats
← 鄙人張麻子

Arena

503954679Analyzed
4v4 RM · 1mo ago on Sep 3, 2026· 54m 1s· 8 players
Game mode
Random Map
Map size
Large (8 player)
Population
200
Speed
Normal
Resources
Standard
Victory
Conquest
Starting age
Dark Age
Ending age
Imperial Age
RankedLock teamsTeams togetherTeam positionsShared explorationLock speedFull tech treeHidden civsTurbo modeCheats
Victory
Defeat
🇺🇸 Teutons · United States
1283
+11
🇨🇦 Koreans · Canada
1277
+12
🇺🇸 Bohemians · United States
1116
+19
🇨🇴 Spanish · Colombia
1114
+20
🇲🇽 Magyars · Mexico
1210
-17
🇹🇼 Bohemians · Taiwan
1191
-16
🇨🇳 Tatars · China
1181
-15
🇨🇳 Armenians · China
1146
-14
鄙人張麻子
10:47 Feudal Age
14:37 Castle Age
12:35 Horse Collar
13:21 Double-Bit Axe
15:36 Bow Saw
15:30 Heavy Plow
15:52 Bow Saw
21:43 Wheelbarrow
23:28 Fervor
24:05 Hand Cart
28:09 Imperial Age
25:40 Loom
27:16 Chemistry
26:09 Pikeman
26:51 Scale Mail Armor
27:30 Squires
27:47 Chain Mail Armor
27:43 Forging
28:53 Town Watch
29:49 Plate Mail Armor
28:41 Halberdier
29:37 Siege Engineers
31:08 Iron Casting
30:59 Conscription
30:48 Wagenburg Tactics
32:12 Fletching
33:25 Blast Furnace
32:10 Houfnice
33:37 Murder Holes
33:53 Masonry
35:00 Bodkin Arrow
38:06 Bracer
42:55 Caravan
43:26 Coinage
44:06 Padded Archer Armor
45:11 Ballistics
45:12 Bombard Tower
45:23 Architecture
44:34 Treadmill Crane
[ Wildpigs ] Mau
10:29 Feudal Age
14:53 Castle Age
14:27 Double-Bit Axe
17:19 Bow Saw
22:44 Wheelbarrow
24:26 Horse Collar
25:16 Gold Mining
26:41 Hand Cart
26:19 Stone Mining
30:13 Imperial Age
28:32 Gold Shaft Mining
28:02 Heavy Plow
29:35 Ballistics
29:46 Scale Barding Armor
29:54 Bloodlines
29:44 Husbandry
29:38 Fletching
32:02 Chemistry
30:26 Cavalier
31:44 Chain Barding Armor
33:16 Bodkin Arrow
33:31 Paladin
36:10 Plate Barding Armor
35:40 Bracer
38:10 Corvinian Army
38:33 Conscription
37:56 Elite Magyar Huszar
43:21 Masonry
43:18 Siege Engineers
43:20 Light Cavalry
44:40 Heavy Scorpion
2263430749
11:19 Feudal Age
11:56 Horse Collar
12:05 Double-Bit Axe
14:47 Man-at-Arms
15:44 Loom
20:19 Castle Age
19:29 Long Swordsman
20:21 Two-Handed Swordsman
20:46 Gambesons
21:02 Squires
34:14 Heavy Plow
34:27 Bow Saw
34:10 Gold Mining
34:07 Champion
37:00 Fortified Wall
40:38 Imperial Age
Lemon
11:52 Feudal Age
16:35 Castle Age
14:27 Loom
14:59 Double-Bit Axe
15:32 Horse Collar
25:25 Fletching
28:11 Ballistics
28:43 Padded Archer Armor
29:58 Wheelbarrow
31:04 Bodkin Arrow
33:23 Heavy Plow
37:01 Imperial Age
35:00 Gold Mining
35:43 Leather Archer Armor
35:59 Bow Saw
36:56 Silk Armor
37:23 Scale Barding Armor
37:10 Treadmill Crane
37:52 Hand Cart
38:24 Gold Shaft Mining
38:15 Bracer
38:36 Bloodlines
38:57 Conscription
38:36 Heavy Cavalry Archer
38:58 Light Cavalry
40:55 Chemistry
40:44 Chain Barding Armor
41:20 Ring Archer Armor
42:18 Crop Rotation
41:54 Husbandry
42:46 Elite Keshik
44:07 Plate Barding Armor
44:36 Forging
46:23 Iron Casting
45:17 Hussar
48:14 Blast Furnace
49:18 Elite Skirmisher
50:44 Heavy Camel Rider
XT FeN1x
5:26 Loom
10:59 Feudal Age
11:43 Loom
15:20 Castle Age
13:28 Double-Bit Axe
14:39 Horse Collar
20:39 Padded Archer Armor
20:49 Gold Mining
24:53 Leather Archer Armor
28:06 Heavy Plow
28:19 Bow Saw
34:29 Imperial Age
34:18 Fletching
36:26 Bodkin Arrow
37:03 Ring Archer Armor
43:45 Wheelbarrow
45:14 Scale Barding Armor
45:20 Forging
44:56 Light Cavalry
45:38 Husbandry
45:53 Bloodlines
47:02 Chain Barding Armor
46:25 Hussar
47:42 Iron Casting
49:20 Plate Barding Armor
51:36 Blast Furnace
52:59 Two-Man Saw
Gladiator
10:44 Feudal Age
11:19 Feudal Age
12:12 Double-Bit Axe
15:12 Castle Age
13:17 Horse Collar
21:14 Bow Saw
22:22 Heavy Plow
22:10 Loom
23:05 Wheelbarrow
24:37 Hand Cart
24:43 Gold Mining
24:40 Town Watch
24:41 Loom
29:38 Imperial Age
28:07 Scale Barding Armor
28:12 Forging
29:09 Bloodlines
29:20 Chain Barding Armor
30:18 Town Patrol
29:55 Cavalier
31:23 Plate Barding Armor
31:23 Iron Casting
32:28 Chemistry
31:41 Fortified Wall
31:18 Paladin
32:07 Elite Teutonic Knight
33:10 Fletching
34:36 Blast Furnace
34:14 Conscription
33:55 Bodkin Arrow
34:23 Ballistics
34:09 Siege Engineers
34:59 Crenellations
35:26 Masonry
36:02 Elite Teutonic Knight
36:52 Scale Mail Armor
37:07 Squires
36:52 Arson
38:34 Chain Mail Armor
39:53 Gambesons
39:29 Man-at-Arms
41:40 Pikeman
45:01 Plate Mail Armor
45:00 Padded Archer Armor
48:18 Leather Archer Armor
47:24 Elite Skirmisher
47:40 Halberdier
52:51 Two-Man Saw
wolololigma
3:26 Loom
11:48 Feudal Age
12:14 Double-Bit Axe
12:13 Horse Collar
22:02 Castle Age
21:49 Wheelbarrow
22:42 Forging
22:32 Scale Mail Armor
23:06 Pikeman
23:49 Squires
24:29 Iron Casting
24:28 Heavy Plow
24:41 Bow Saw
26:05 Fervor
28:39 Chemistry
30:04 Hand Cart
35:03 Imperial Age
33:02 Ballistics
32:38 Murder Holes
33:43 Chain Mail Armor
34:13 Wagenburg Tactics
34:36 Fletching
36:51 Two-Man Saw
35:57 Houfnice
37:00 Conscription
36:35 Halberdier
38:12 Elite Hussite Wagon
39:57 Siege Engineers
ShadowMoneyWizardGang
0:28 Loom
11:25 Feudal Age
16:38 Castle Age
14:47 Double-Bit Axe
16:20 Horse Collar
19:35 Heavy Plow
19:28 Gold Mining
20:19 Wheelbarrow
21:08 Stone Mining
21:21 Fletching
22:24 Bow Saw
30:54 Imperial Age
29:26 Stone Shaft Mining
28:58 Bodkin Arrow
28:51 Treadmill Crane
29:51 Ballistics
30:15 Gold Shaft Mining
30:12 Eupseong
30:26 Masonry
30:20 Town Watch
31:36 Bracer
32:38 Chemistry
32:25 Murder Holes
33:49 Architecture
34:12 Squires
33:32 Pikeman
34:16 Scale Mail Armor
34:27 Forging
34:35 Hand Cart
34:08 Arrowslits
34:53 Halberdier
35:53 Chain Mail Armor
35:18 Elite War Wagon
36:21 Elite War Wagon
37:52 Plate Mail Armor
37:42 Thumb Ring
38:54 Iron Casting
39:22 Two-Man Saw
40:34 Crossbowman
41:40 Capped Ram
42:42 Arbalester
45:37 Caravan
Connection lost

Rejoining the realm…

Still unreachable

The connection could not be restored.

Session expired

The server has moved on; the page needs a fresh start.